 Dungeon Crawl Stone Soup version 0.30-a0-726-gd89dcf765f (webtiles) character file.

Game seed: 17357390190585026954

73 hbarley the Chopper (level 4, 0/35 HPs)
             Began as a Human Fighter on Jan 29, 2023.
             Killed by nerve-wracking pain
             ... invoked by Jessica
              (7 damage)
             ... on level 3 of the Dungeon.
             The game lasted 00:05:01 (1393 turns).

hbarley the Chopper (Human Fighter)                 Turns: 1393, Time: 00:05:02

Health: 0/35       AC:  6    Str: 19    XL:     4   Next: 51%
Magic:  4/4        EV:  9    Int:  8    God:
Gold:   69         SH:  4    Dex: 12    Spells: 3/3 levels left

rFire   . . .      SeeInvis .    a - +0 war axe
rCold   . . .      Faith    .    c - +0 buckler
rNeg    . . .      Spirit   .    b - +0 scale mail
rPois   .          Reflect  .    (no helmet)
rElec   .          Harm     .    (no cloak)
rCorr   .          Rampage  .    (no gloves)
Will    .....                    (no boots) Stlth
                                 (no amulet)
HPRegen 0.25/turn                (no ring)
MPRegen 0.09/turn                (no ring)

@: mighty, slowed, very slow
A: no striking features
a: no special abilities


You were on level 3 of the Dungeon.
You visited 1 branch of the dungeon, and saw 3 of its levels.

You collected 69 gold pieces.

Inventory:

Hand Weapons
 a - a +0 war axe (weapon)
Armour
 b - a +0 scale mail (worn)
 c - a +0 buckler (worn)
 e - a +0 ring mail
 q - a +0 scale mail
Scrolls
 f - a scroll of brand weapon {unknown}
 h - a scroll of acquirement {unknown}
 i - a scroll of poison {unknown}
 j - 2 scrolls of identify {unknown}
 k - a scroll of blinking {unknown}
 l - a scroll of silence {unknown}
 m - a scroll of teleportation {unknown}
Potions
 g - a potion of haste {unknown}
 n - 2 potions of resistance {unknown}
 o - 2 potions of attraction {unknown}
 p - 2 potions of degeneration {unknown}


   Skills:
 + Level 3.3 Fighting
 * Level 3.5 Axes
 + Level 3.4 Armour
 + Level 0.2 Dodging
 + Level 3.1 Shields


You had 3 spell levels left.
You didn't know any spells.
Your spell library contained the following spells:

 Spells                   Type           Power      Damage    Failure   Level
 Sublimation of Blood     Necr           0%         N/A       95%         2
 Petrify                  Tmut/Erth      0%         N/A       100%        4
 Irradiate                Conj/Tmut      0%         3d11      100%        5


Dungeon Overview and Level Annotations

Branches:
Dungeon (3/15)

Altars:
Gozag

Shops:
D:1 [   D:2 (

Annotations:
D:3 Jessica


Message History

You miss the ufetubus. You block the ufetubus's attack.
The ufetubus hits you but does no damage.
Jessica hits you with a +0 club. The ufetubus closely misses you.
The ufetubus hits you.
You barely miss the ufetubus. You barely miss Jessica.
The ufetubus hits you but does no damage.
The ufetubus hits you. Jessica hits you with a +0 club.
The ufetubus hits you but does no damage.
You block the ufetubus's attack.
You miss the ufetubus. You barely miss Jessica.
A ball python comes into view.
Jessica hits you with a +0 club.
The ufetubus hits you but does no damage.
The ufetubus closely misses you.
Jessica mumbles some strange words.
Jessica seems to speed up.
The ufetubus hits you but does no damage.
The ufetubus hits you.
The ball python hisses angrily.
You miss the ufetubus. You barely miss Jessica.
Jessica gestures at you while chanting. Pain shoots through your body!
* * * LOW HITPOINT WARNING * * *
The ufetubus barely misses you. The ufetubus closely misses you.
You block Jessica's attack.
The ufetubus hits you but does no damage.
The ufetubus barely misses you.
You feel very mighty all of a sudden. Jessica hits you with a +0 club.
* * * LOW HITPOINT WARNING * * *
You block the ufetubus's attack.
The ufetubus hits you but does no damage.
You slash the ufetubus!
You kill the ufetubus!
You barely miss Jessica. Jessica gestures at you while chanting.
You feel yourself slow down.
Jessica points at you and mumbles some strange words.
Pain shoots through your body!
You die...

#########.#############..#
#.# ... #..# #.# #.# #..#
#.# #.# #..# .# #.#
#.#.####.## .# ...
#.#......# ##
########.######.#
...............#
#....S.@#.##.###
#.....@h#.##.#
#.##....#..#.# #.#.##.##.#
#.#. ...#.# # #. ####.# ..
..# #. #.#


You could see a hound, Jessica (fast) and a ball python.

Vanquished Creatures
  Terence (D:2)
  An ufetubus (D:3)
  A worm (D:2)
  A dart slug (D:1)
  An orc (D:2)
  3 endoplasms
  3 giant cockroaches
  3 hobgoblins
  4 jackals (D:1)
  3 kobolds
  A quokka (D:2)
  6 ball pythons
  2 bats
  3 frilled lizards
  5 goblins
  4 rats
42 creatures vanquished.

Notes
Turn   | Place    | Note
-------+----------+-------------------------------------------
     0 | D:1      | hbarley the Human Fighter began the quest for the Orb.
     0 | D:1      | Reached XP level 1. HP: 18/18 MP: 1/1
    16 | D:1      | Found Eckoziuv's Armour Shop.
    72 | D:1      | Reached XP level 2. HP: 5/24 MP: 2/2
   352 | D:1      | Found a faded altar of an unknown god.
   443 | D:1      | Reached XP level 3. HP: 29/29 MP: 3/3
   655 | D:2      | Noticed Terence
   664 | D:2      | Killed Terence
   665 | D:2      | Reached XP level 4. HP: 8/35 MP: 4/4
   772 | D:2      | Found an opulent altar of Gozag.
  1077 | D:2      | Found Ucaessum's Weapon Shoppe.
  1385 | D:3      | Noticed Jessica
  1393 | D:3      | Killed from afar by Jessica

Illustrated notes

Levels and vault maps discovered:
D:1:      lightli_iron_boxes, layout_basic, serial_shops, shop_fountains,
          shapermc_ecumenical_altar_mp_highgroup
D:2:      layout_basic, basic_altar, serial_shops, shop,
          minmay_misc_feat_nine_boxes, uniq_terence
D:3:      layout_basic, roderic_lattice_a, hangedman_decor_push,
          saegor_snake_ambush, uniq_jessica

Skill      XL: |  1  2  3 |
---------------+----------+-----
Axes           | 3 |  3.5
Fighting       | |  3.3
Armour         | |  3.4
Dodging        | |  0.2
Shields        | |  3.1

Action                     |  1- 3 |  4- 6 || total
---------------------------+-------+-------++-------
  Melee: War axe           |    59 |    41 ||   100
    Use: Potion            |     1 |     1 ||     2
 Armour: Scale mail        |    38 |    19 ||    57
  Dodge: Dodged            |    34 |    23 ||    57
  Block: Buckler           |    20 |    14 ||    34

Table legend: (Time is in decaauts)
 A = Elapsed time spent in this place.
 B = Non-inter-level travel time spent in this place.
 C = Inter-level travel time spent in this place.
 D = Time resting spent in this place.
 E = Time spent auto-exploring this place.
 F = Levels seen in this place.
 G = Mean time per level.
                   A        B        C        D        E       F      G
               +--------+--------+--------+--------+--------+-----+--------+
         Total |   1433 |   1248 |    185 |    181 |    778 |   3 |  477.7 |
       Dungeon |   1433 |   1248 |    185 |    181 |    778 |   3 |  477.7 |
               +--------+--------+--------+--------+--------+-----+--------+

Top non-repeatable levels by time:
     D:2: 834 daAuts
     D:1: 464 daAuts
     D:3: 133 daAuts
